 Dungeon Crawl Stone Soup version 0.30-a0-1016-gfb0d676c02 (webtiles) character file.

Game seed: 1104660714718954022

156 DeathPants the Insei (level 5, -1/40 HPs)
             Began as a Demonspawn Transmuter on Apr 6, 2023.
             Slain by an orc
             ... wielding a +0 hand axe
              (4 damage)
             ... on level 4 of the Dungeon.
             The game lasted 00:09:42 (2663 turns).

DeathPants the Insei (Demonspawn Transmuter)        Turns: 2663, Time: 00:09:43

Health: -1/40      AC:  2    Str: 13    XL:     5   Next: 14%
Magic:  8/8        EV: 12    Int: 14    God:
Gold:   154        SH:  5    Dex: 13    Spells: 0/8 levels left

rFire   . . .      SeeInvis .      - Unarmed
rCold   . . .      Faith    .    (no shield)
rNeg    . . .      Spirit   .    a - +0 robe
rPois   .          Reflect  +    (helmet currently unavailable)
rElec   .          Rampage  .    (no cloak)
rCorr   .                        (no gloves)
Will    +....                    (boots currently unavailable)
Stlth   +                        m - amulet of reflection
HPRegen 0.26/turn                q - ring of willpower
MPRegen 0.22/turn                (no ring)

@: appendages
A: talons 2, horns 1, spiny 1, magic regeneration
a: End Transformation


You were on level 4 of the Dungeon.
You had temporarily grown beastly talons.
You visited 1 branch of the dungeon, and saw 5 of its levels.

You collected 154 gold pieces.

Inventory:

Missiles
 j - 9 boomerangs
Armour
 a - a +0 robe (worn)
Jewellery
 m - an amulet of reflection (around neck)
 q - a ring of willpower (left hand)
Scrolls
 d - a scroll of fog {unknown}
 l - a scroll of teleportation
Potions
 b - 4 potions of lignification
 c - a potion of might {unknown}
 e - a potion of haste
 g - 2 potions of heal wounds
 i - 4 potions of curing {unknown}
 n - a potion of ambrosia {unknown}
 o - a potion of degeneration {unknown}


   Skills:
 + Level 2.9 Fighting
 - Level 1.7 Dodging
 + Level 3.7 Unarmed Combat
 - Level 2.0 Spellcasting
 + Level 3.1 Transmutations


You couldn't memorise any spells.
You knew the following spells:

 Your Spells              Type           Power      Damage    Failure   Level
a - Beastly Appendage     Tmut           20%        N/A       6%          1
b - Wereblood             Tmut           10%        N/A       10%         2
c - Blade Hands           Tmut           5%         N/A       87%         5

Your spell library contained the following spells:

 Spells                   Type           Power      Damage    Failure   Level
 Magic Dart               Conj           4%         1d3       24%         1
 Searing Ray              Conj           2%         2d4       34%         2
 Spider Form              Tmut/Pois      5%         N/A       36%         3
 Portal Projectile        Hex/Tloc       2%         N/A       56%         3
 Tukima's Dance           Hex            1%         N/A       56%         3
 Ice Form                 Ice/Tmut       5%         N/A       77%         4
 Fulminant Prism          Conj/Hex       0%         3d5       93%         4


Dungeon Overview and Level Annotations

Branches:
Dungeon (5/15)
 Temple: D:4-7

Altars:
Ashenzari

Shops:
D:1 *[   D:4 [


Innate Abilities, Weirdness & Mutations

You have temporarily grown beastly talons.
You have a pair of small horns on your head.
You are partially covered in sharp spines.
You regenerate magic rapidly.


Message History

An orc comes into view. It is wielding a +0 hand axe.
An orc comes into view. It is wielding a +0 hand axe.
An orc priest comes into view. It is wielding a +0 flail.
You see here a scroll labelled PUKANU DIBOF.
d - a scroll labelled PUKANU DIBOF The orc shouts! x2; You hear a shout!
An orc priest comes into view. It is wielding a +0 flail.
A jelly comes into view.
A scorpion comes into view.
The orc priest looks braver for a moment.
There is a stone staircase leading up here.
The orc priest mumbles some strange prayers to Beogh against you.
Beogh smites you! You block the orc's attack.
You climb upwards.
There is a stone staircase leading down here.
Casting: Beastly Appendage (safe; 6% risk of failure)
Press: ? - help, Q - select action, (/) - cycle Dir - look around, f - activate Your feet morph into talons.
The orc priest mumbles some strange prayers to Beogh against you.
Pain shoots through your body! The orc is struck by your spines.
The orc hits you with a +0 hand axe.
You hit the orc priest. Your kick misses the orc priest.
The orc priest is lightly wounded.
You hit the orc priest. Your kick misses the orc priest.
You headbutt the orc priest.
The orc priest is moderately wounded.
The orc misses you.
The orc priest hits you with a +0 flail.
You barely miss the orc priest. Your kick misses the orc priest.
The orc priest is moderately wounded.
The orc priest is struck by your spines.
The orc priest hits you with a +0 flail!
The orc is struck by your spines. The orc hits you with a +0 hand axe.
You barely miss the orc priest.
The orc priest is moderately wounded.
The orc priest calls down the wrath of Beogh upon you.
Pain shoots through your body!
* * * LOW HITPOINT WARNING * * *
The orc hits you with a +0 hand axe.
You die...

###.#.# #.# #.. #.#.#
#.# #.. #...# #.###..
##### #...... #####..
####.. ##+###########
#...(. #............#
#.....
#....@.......####.....
#....oo......)).......
#...........[####.....
#............# #.....
#............# #.?...
#............# #.....
#............# #.....
..............# #.....
#.#......###### #.....


You could see an orc priest and an orc.

Vanquished Creatures
  A scorpion (D:3)
  3 adders
  A worm (D:3)
  2 dart slugs
  5 orcs (D:4)
  6 ball pythons
  4 bats
  4 endoplasms
  7 giant cockroaches
  6 goblins
  3 hobgoblins
  7 kobolds
  2 quokkas
  2 frilled lizards (D:3)
  5 rats
58 creatures vanquished.

Notes
Turn   | Place    | Note
-------+----------+-------------------------------------------
     0 | D:1      | DeathPants the Demonspawn Transmuter began the quest for
                  | the Orb.
     0 | D:1      | Reached XP level 1. HP: 15/15 MP: 3/3
    71 | D:1      | Gained mutation: You are partially covered in sharp spines.
                  | [demonic ancestry]
    71 | D:1      | Reached XP level 2. HP: 16/21 MP: 5/5
   280 | D:1      | Found Qucumede's Assorted Antiques.
   529 | D:1      | Found Paantikh's Antique Armour Shoppe.
   672 | D:1      | Reached XP level 3. HP: 25/27 MP: 4/6
   944 | D:2      | Found a broken altar of Ashenzari.
  1033 | D:2      | Learned a level 2 spell: Wereblood
  1434 | D:3      | Found a faded altar of an unknown god.
  1514 | D:3      | Gained mutation: You have a pair of small horns on your
                  | head. [demonic ancestry]
  1514 | D:3      | Reached XP level 4. HP: 33/33 MP: 7/7
  1574 | D:4      | Found Laickiub's Armour Shoppe.
  1711 | D:3      | Noticed a scorpion
  1725 | D:3      | Killed a scorpion
  1726 | D:3      | Gained mutation: You regenerate magic rapidly. [demonic
                  | ancestry]
  1726 | D:3      | Reached XP level 5. HP: 25/40 MP: 8/8
  2110 | D:3      | Learned a level 5 spell: Blade Hands
  2644 | D:5      | Entered Level 5 of the Dungeon
  2663 | D:4      | Slain by an orc

Illustrated notes

Levels and vault maps discovered:
D:1:      minmay_arrival_four_houses, layout_basic, serial_shops,
          nicolae_shop_trees, nicolae_shop_hallway_plus,
          chequers_decorated_corner
D:2:      layout_loops_ring, basic_altar
D:3:      layout_basic, hellmonk_ecumenical_altar_blasted
D:4:      layout_basic, nicolae_ashenzari_panopticon, lemuel_crystal_altar,
          serial_shops, nicolae_stop_n_shop_2, uniq_sigmund
D:5:      gammafunk_wand_slinger, layout_cave_pools, serial_column_ruins,
          column_ruins_hut, column_ruins_grid_1, column_ruins_grid_1,
          column_ruins_grid_1, gup_sewer_entry_pipe, nicolae_specific_store

Skill      XL: |  1  2  3  4 |
---------------+-------------+-----
Transmutations | 2 3 |  3.1
Unarmed Combat | 3 |  3.7
Fighting       | 2 |  2.9
Dodging        | |  1.7
Spellcasting   | |  2.0

Action                     |  1- 3 |  4- 6 || total
---------------------------+-------+-------++-------
  Melee: Unarmed           |    82 |    36 ||   118
         Kick              |    17 |     7 ||    24
         Headbutt          |     9 |     9 ||    18
         Punch             |     2 |     1 ||     3
   Cast: Beastly Appendage |    26 |     5 ||    31
         Wereblood         |       |     1 ||     1
    Use: Scroll            |       |     8 ||     8
   Stab: Sleeping          |     1 |       ||     1
 Armour: Robe              |    15 |     6 ||    21
  Dodge: Dodged            |    44 |    10 ||    54
  Block: Other             |       |     5 ||     5

Table legend: (Time is in decaauts)
 A = Elapsed time spent in this place.
 B = Non-inter-level travel time spent in this place.
 C = Inter-level travel time spent in this place.
 D = Time resting spent in this place.
 E = Time spent auto-exploring this place.
 F = Levels seen in this place.
 G = Mean time per level.
                   A        B        C        D        E       F      G
               +--------+--------+--------+--------+--------+-----+--------+
         Total |   2658 |   2581 |     77 |     23 |   1931 |   5 |  531.6 |
       Dungeon |   2658 |   2581 |     77 |     23 |   1931 |   5 |  531.6 |
               +--------+--------+--------+--------+--------+-----+--------+

Top non-repeatable levels by time:
     D:3: 1081 daAuts
     D:1: 823 daAuts
     D:2: 580 daAuts
     D:4: 160 daAuts
     D:5: 13 daAuts
